cohdb
Replays
Latest Replays
All Replays
Popular Replays
Top Player Replays
Match Explorer
How It Works
Community
CoH3 Stats
Reddit
Sign in to upload your games and track your stats! →
Sign in with Steam
Match 43988957
Unlisted
Match 43988957
Overview
Messages
Build Orders
End
250 Light Carrier
Selects Italian Combined Arms Battlegroup
Selects Bersaglieri Squad
Bersaglieri Squad
Bersaglieri Squad
Construct Light Support Kompanie
Bersaglieri Squad
Selects Bersaglieri Bolster
Forward Retreat Point
Fire Support Elements
2.5-tonne Medical Truck
Selects Breda Model 30 Light Machine Guns
Construct Mechanized Kompanie
le.IG 18 Mechanized Group
StuG III D Assault Gun
Selects Semovente da 75/18 Assault Gun
Panzerpioneer Squad
Selects Strafing Run
Strafing Run
Construct Panzerarmee Kommand
Semovente da 75/18 Assault Gun
Strafing Run
Strafing Run
Bersaglieri Squad
Selects Pact of Steel
Armored Reserves
MG34 Team
Strafing Run
Bersaglieri Squad
Strafing Run
Panzer IV Assault Group
18-tonne Recovery Half-track
Strafing Run
6uree3
Agent Smith
Robin Da Hood
1984kimki
LikeSkill
ZoOmeeq
Shark
Dromok
0
0
Comments
sign in to comment!
No comments posted yet!